 Dungeon Crawl Stone Soup version 0.25.1-2-g60ff931df9 (webtiles) character file.

Game seed: 3363897200123976131

69573 kamnev the Basher (level 15, -2/96 HPs)
             Began as a Gargoyle Fighter on Nov 7, 2020.
             Was a Priest of the Shining One.
             Killed from afar by Roxanne (33 damage)
             ... with an iron shot
             ... on level 2 of the Shoals on Nov 15, 2020.
             The game lasted 00:55:41 (28453 turns).

kamnev the Basher (Gargoyle Fighter)               Turns: 28453, Time: 00:55:42

Health: -2/96      AC: 33    Str: 27    XL:     15   Next: 30%
Magic:  23/23      EV: 14    Int:  8    God:    the Shining One [***...]
Gold:   1692       SH: 11    Dex:  9    Spells: 14/14 levels left

rFire    + . .     SeeInvis .   w - +3 whip (elec)
rCold    . . .     Gourm    .   m - +0 kite shield {rN+}
rNeg     + + +     Faith    .   V - +0 plate armour {rF+}
rPois    ∞         Spirit   .   O - +0 helmet
rElec    +         Reflect  .   (no cloak)
rCorr    .         Harm     .   s - +2 pair of gloves
MR       ++...                  n - +0 pair of boots
Stlth    ..........             (no amulet)
HPRegen  0.26/turn              B - ring of protection from magic
MPRegen  0.18/turn              q - +4 ring of evasion

@: flying, glowing
A: big wings, negative energy resistance 1, electricity resistance, unbreathing,
petrification resistance, rot immunity, AC +11
a: Stop Flying, Divine Shield, Renounce Religion


You were on level 2 of the Shoals.
You worshipped the Shining One.
The Shining One was most pleased with you.
You were not hungry.

You visited 4 branches of the dungeon, and saw 19 of its levels.

You collected 1932 gold pieces.
You spent 240 gold pieces at shops.

Inventory:

Hand Weapons
 a - a +0 flail
 t - a +0 dire flail
 u - a +0 morningstar
 w - a +3 whip of electrocution (weapon)
 z - the +11 hunting sling "Raisin" {venom, +Fly Str+3 Dex-5}
   (You found it on level 10 of the Dungeon)

   It poisons the ammo it fires.
   It affects your strength (+3).
   It affects your dexterity (-5).
   It lets you fly.
Missiles
 o - 374 stones
 A - 3 javelins (quivered)
Armour
 b - a +0 scale mail
 h - a +0 hat
 m - a +0 kite shield of positive energy (worn)
 n - a +0 pair of boots (worn)
 s - a +2 pair of gloves (worn)
 H - a +1 plate armour
 O - a +0 helmet (worn)
 Q - a +1 pair of gloves
 V - a +0 plate armour of fire resistance (worn)
Jewellery
 l - an uncursed ring of positive energy
 q - a +4 ring of evasion (right hand)
 B - a ring of protection from magic (left hand)
 J - a +6 ring of dexterity
 K - a cursed ring of attention
 M - an uncursed ring of see invisible {unknown}
Wands
 i - a wand of flame (33)
 E - a wand of enslavement (6)
 F - a wand of paralysis (8)
 W - a wand of disintegration (11)
Scrolls
 c - 4 scrolls of remove curse
 j - 2 scrolls of teleportation
 p - 4 scrolls of amnesia
 x - 2 scrolls of immolation
 y - a scroll of vulnerability
 C - 3 scrolls of magic mapping {unknown}
 G - 2 scrolls of random uselessness {unknown}
 N - a scroll of summoning {unknown}
 R - 4 scrolls of identify
 T - 2 scrolls of enchant armour
Potions
 d - a potion of cancellation {unknown}
 e - 4 potions of mutation
 g - 2 potions of curing
 L - a potion of invisibility
 S - a potion of lignification {unknown}
 U - 2 potions of flight
Miscellaneous
 r - a box of beasts
Comestibles
 f - 30 rations
 v - 2 chunks of flesh


   Skills:
 + Level 12.1 Fighting
 * Level 14.8 Maces & Flails
 + Level 12.1 Armour
 + Level 9.2 Dodging
 - Level 8.0 Shields
 + Level 11.1 Invocations


You had 14 spell levels left.
You didn't know any spells.
Your spell library contained the following spells:

 Spells                   Type           Power        Failure   Level  Hunger
 Animate Skeleton         Necr           N/A          100%        1    ##.....
 Beastly Appendage        Tmut           #.....       100%        1    ##.....
 Magic Dart               Conj           #...         100%        1    ##.....
 Pain                     Necr           #...         100%        1    ##.....
 Blink                    Tloc           N/A          100%        2    ###....
 Call Imp                 Summ           #.......     100%        2    ###....
 Slow                     Hex            #.......     100%        2    ###....
 Sticks to Snakes         Tmut           #.......     100%        2    ###....
 Conjure Flame            Conj/Fire      #.......     100%        3    ####...
 Mephitic Cloud           Conj/Pois/Air  #.......     100%        3    ####...
 Spider Form              Tmut/Pois      #.........   100%        3    ####...
 Vampiric Draining        Necr           #.........   100%        3    ####...
 Animate Dead             Necr           N/A          100%        4    #####..
 Ice Form                 Ice/Tmut       #.......     100%        4    #####..
 Agony                    Necr           #.......     100%        5    ######.
 Blade Hands              Tmut           #.........   100%        5    ######.


Dungeon Overview and Level Annotations

Branches:
Dungeon (10/15)            Temple (1/1) D:4            Lair (6/6) D:9
 Shoals (2/4) Lair:4        Snake (0/4) Lair:2        Slime (0/5) Lair:5
    Orc (0/2) D:9

Altars:
Ashenzari
Cheibriados
Dithmenos
Elyvilon
Fedhas
Gozag
Hepliaklqana
Kikubaaqudgha
Makhleb
Nemelex Xobeh
Okawaru
Qazlal
Ru
Sif Muna
Trog
Uskayaw
Vehumet
Wu Jian
Xom
Yredelemnul
Zin
The Shining One

Shops:
D:2 *   D:4 *   D:6 }   D:7 !   D:8 ?

Annotations:
D:9 3 runed translucent doors, Erymatos's ghost, novice MiBe
D:10 2 transporters, firemonkey's ghost, novice DgEE
Shoals:1 2 transporters
Shoals:2 Roxanne


Innate Abilities, Weirdness & Mutations

You are resistant to torment.
Your stone body is resilient. (AC +11)
You are immune to poison.
Your large and strong wings let you fly indefinitely.
You resist negative energy. (rN+)
You are resistant to electric shocks. (rElec)
You can survive without breathing.
You are immune to petrification.
You are immune to rotting.


Message History

You hit Roxanne but do no damage.
Roxanne is lightly damaged.
You block the merfolk impaler's attack.
You hit Roxanne.
Roxanne is lightly damaged.
You hit Roxanne but do no damage.
Roxanne is lightly damaged.
The merfolk impaler hits you from afar with a +0 trident.
You hit Roxanne but do no damage.
Roxanne is lightly damaged.
The merfolk impaler hits you from afar with a +0 trident.
You hit Roxanne but do no damage.
Roxanne is lightly damaged.
The merfolk impaler hits you but does no damage.
You hit Roxanne.
Roxanne is lightly damaged.
You block the merfolk impaler's attack.
Roxanne casts a spell.
The iron shot hits you!!
You die...

.....≈≈≈≈≈≈≈≈≈≈≈
.....≈≈≈≈≈≈≈≈≈≈≈ ..≈
#.!..≈≈≈≈≈.≈≈≈≈≈
≈≈≈.#....≈≈≈≈<..≈≈≈≈
≈≈≈.#....≈≈≈..P.≈≈≈≈
≈≈≈..?..........≈≈≈≈
≈≈≈............≈≈≈≈≈
≈≈≈≈..P.....@8≈≈≈≈≈≈
≈≈≈...P..Pm..≈≈≈≈≈≈≈
≈≈≈≈...§.§...≈≈≈≈P≈≈
≈≈. #..§.P..P≈≈≈≈≈≈≈
≈...#..§...<.P≈≈≈≈≈≈
≈≈≈§........P...≈P..
≈≈§≈§...≈P..........
≈≈≈≈≈≈≈≈≈P≈..###...#
≈≈≈≈≈≈≈≈≈≈≈(..# #...


You could see Roxanne and a merfolk impaler.

Vanquished Creatures
  Rupert (Lair:6)
  2 entropy weavers (Lair:4)
  A merfolk impaler (Shoals:1)
  3 hydras
  An ice dragon (Lair:6)
  Erica (Lair:2)
  A merfolk avatar (Shoals:1)
  A queen ant (Lair:4)
  9 death yaks
  Sonja (Lair:6)
  3 sea snakes (Shoals:1)
  2 lindwurms
  Pikel (D:8)
  5 harpies (Shoals:1)
  A wolf spider (Lair:6)
  4 manticores
  9 fauns (Shoals:1)
  2 merfolk sirens
  4 elephants (Lair:3)
  A guardian serpent (Lair:6)
  11 spiny frogs
  3 water nymphs
  A centaur skeleton (D:10)
  5 torpor snails (Lair:6)
  10 black mambas
  7 komodo dragons
  5 rime drakes
  A merfolk (Shoals:1)
  A troll (D:9)
  9 hornets
  A wind drake (Shoals:1)
  A polar bear (Lair:6)
  Prince Ribbit (Lair:3)
  5 dream sheep (Lair:4)
  20 hippogriffs
  4 slime creatures (Lair:5)
  4 tyrant leeches (Lair:6)
  6 snapping turtles
  4 blink frogs (Lair:3)
  3 redbacks (Lair:6)
  A spriggan (D:7)
  2 water elementals (Shoals:1)
  35 yaks
  15 wyverns (Lair:6)
  5 basilisks (Lair:6)
  A hungry ghost (D:7)
  A warg (D:9)
  Menkaure (D:5)
  5 soldier ants (Lair:4)
  Duvessa (D:6)
  8 porcupines
  15 water moccasins
  9 orc warriors
  2 ice beasts
  2 black bears
  10 wolves
  3 phantoms
  4 ogres
  A centaur (D:5)
  10 crocodiles
  9 bullfrogs
  Dowan (D:6)
  A gnoll sergeant (D:6)
  A scorpion (D:10)
  2 electric eels (Lair:4)
  4 wights
  A howler monkey (D:6)
  8 crimson imps
  3 quasits
  A centaur zombie (D:8)
  3 jellies
  12 orc wizards
  8 hounds
  8 orc priests
  10 worker ants
  7 iguanas
  A hound zombie (D:5)
  2 hound skeletons
  A mummy (D:4)
  3 worker ant zombies
  3 gnolls
  10 adders
  2 shadow imps (D:5)
  An ooze (D:3)
  2 adder skeletons (D:6)
  2 dart slugs (D:4)
  8 leopard geckos
  29 orcs
  A ball python (D:2)
  6 giant cockroaches
  3 goblins
  9 hobgoblins
  10 jackals
  2 quokkas
  7 bats
  10 frilled lizards
  13 kobolds
  3 kobold zombies (D:4)
  An orc zombie (D:4)
  A quokka skeleton (D:6)
  8 rats
  A fungus (Lair:6)
  3 plants
  2 tentacles (Shoals:1)
509 creatures vanquished.

Vanquished Creatures (collateral kills)
  Harold (D:7)
  An orc priest (D:7)
  4 orcs (D:7)
6 creatures vanquished.

Vanquished Creatures (others)
  A hornet (Lair:6)
  A gnoll (D:6)
  An orc (D:6)
  14 fungi
  64 plants
  6 tentacles (Shoals:1)
87 creatures vanquished.

Grand Total: 602 creatures vanquished

Notes
Turn   | Place    | Note
-------+----------+-------------------------------------------
     0 | D:1      | kamnev the Gargoyle Fighter began the quest for the Orb.
     0 | D:1      | Reached XP level 1. HP: 14/14 MP: 1/1
   342 | D:1      | Reached XP level 2. HP: 19/19 MP: 2/2
  1189 | D:2      | Reached XP level 3. HP: 23/23 MP: 3/3
  1251 | D:2      | Found Zin's Purification Station.
  1255 | D:2      | Found a glowing silver altar of Zin.
  1649 | D:2      | Reached skill level 3 in Maces & Flails
  1649 | D:2      | Reached XP level 4. HP: 16/29 MP: 4/4
  2090 | D:2      | Found a basalt altar of Yredelemnul.
  2587 | D:3      | Found a stormy altar of Qazlal.
  2587 | D:3      | Found a sparkling altar of Nemelex Xobeh.
  2617 | D:3      | Reached skill level 1 in Dodging
  2619 | D:3      | Found a burning altar of Makhleb.
  2629 | D:3      | Reached XP level 5. HP: 32/33 MP: 5/5
  2858 | D:3      | Found a hazy altar of Hepliaklqana.
  2859 | D:3      | Found a shimmering altar of Xom.
  2860 | D:3      | Noticed a spectral ugly thing
  3575 | D:3      | Found a faded altar of an unknown god.
  3682 | D:4      | Reached skill level 4 in Maces & Flails
  3682 | D:4      | Reached XP level 6. HP: 38/38 MP: 6/6
  3719 | D:4      | Noticed a phantom
  3808 | D:4      | Killed a phantom
  4578 | D:4      | Found an opulent altar of Gozag.
  4615 | D:4      | Found a staircase to the Ecumenical Temple.
  4623 | Temple   | Entered the Ecumenical Temple
  4825 | Temple   | Became a worshipper of the Shining One
  5308 | D:4      | Reached XP level 7. HP: 44/44 MP: 7/7
  5705 | D:4      | Found Gozag's Platinum Reserve.
  5884 | D:5      | Entered Level 5 of the Dungeon
  6379 | D:4      | HP: 2/44 [orc warrior/+0 trident (12)]
  6996 | D:5      | Reached skill level 5 in Maces & Flails
  7396 | D:5      | Reached skill level 5 in Fighting
  7503 | D:5      | Reached * piety under the Shining One
  7707 | D:5      | Reached skill level 5 in Armour
  7707 | D:5      | Reached skill level 5 in Shields
  7707 | D:5      | Reached XP level 8. HP: 49/49 MP: 8/8
  7765 | D:5      | Reached skill level 1 in Invocations
  8163 | D:5      | Noticed Menkaure
  8172 | D:5      | Killed Menkaure
  8172 | D:5      | Reached skill level 6 in Maces & Flails
  8298 | D:6      | Reached ** piety under the Shining One
  8769 | D:6      | Found a radiant altar of Vehumet.
  8806 | D:6      | Found Fyivagh's Gadget Shop.
  9202 | D:6      | Reached XP level 9. HP: 36/55 MP: 11/11
 10016 | D:6      | Bought a box of beasts for 240 gold pieces
 10042 | D:6      | Reached skill level 7 in Maces & Flails
 10786 | D:6      | Found a blossoming altar of Fedhas.
 10968 | D:7      | Noticed Duvessa
 10968 | D:7      | Noticed Dowan
 10969 | D:7      | Noticed Harold
 11345 | D:6      | Killed Duvessa
 11361 | D:6      | Killed Dowan
 12026 | D:7      | Reached skill level 8 in Maces & Flails
 12321 | D:7      | Killed Harold
 12321 | D:7      | Reached skill level 5 in Invocations
 12321 | D:7      | Reached XP level 10. HP: 46/63 MP: 11/13
 12423 | D:7      | Found Raummel's Distillery.
 12709 | D:8      | Noticed Pikel
 12718 | D:8      | Killed Pikel
 12786 | D:8      | Found a shimmering altar of Xom.
 12786 | D:8      | Found a shimmering altar of Xom.
 12786 | D:8      | Found a shimmering altar of Xom.
 12786 | D:8      | Found a shimmering altar of Xom.
 12787 | D:8      | Found a shimmering altar of Xom.
 12792 | D:8      | Reached *** piety under the Shining One
 12968 | D:8      | Found Jahuemp's Magic Scroll Shoppe.
 12979 | D:8      | Reached skill level 9 in Maces & Flails
 12986 | D:8      | Reached skill level 5 in Dodging
 13414 | D:9      | Found a snail-covered altar of Cheibriados.
 13429 | D:9      | Found a staircase to the Lair.
 13489 | D:9      | Found a staircase to the Orcish Mines.
 13605 | D:9      | Found a runed translucent gate.
 13605 | D:9      | Found a runed translucent gate.
 13605 | D:9      | Found a runed translucent gate.
 13605 | D:9      | Noticed Erymatos's ghost (novice MiBe)
 13856 | D:9      | Noticed a lindwurm
 13872 | D:9      | Noticed a lindwurm
 13872 | D:9      | Noticed a lindwurm
 13874 | D:9      | Noticed a lindwurm
 14208 | D:10     | Entered Level 10 of the Dungeon
 14257 | D:10     | Got a brightly glowing hunting sling
 14347 | D:10     | Reached **** piety under the Shining One
 14355 | D:10     | Reached XP level 11. HP: 66/68 MP: 15/15
 14388 | D:10     | Found a transporter.
 14400 | D:10     | Noticed a moth of wrath
 14402 | D:10     | Identified the +6 mace "Vebi" {antimagic, rPois}
 14402 | D:10     | Noticed a tengu warrior
 14403 | D:10     | Noticed firemonkey's ghost (novice DgEE)
 14403 | D:10     | Noticed a deep troll
 14404 | D:10     | Noticed a two-headed ogre
 14405 | D:10     | Found a bloodstained altar of Trog.
 14411 | D:10     | Identified the +9 giant spiked club of the Postmodern Hosts
                  | {freeze, MR+ Int+4 Stlth+}
 14411 | D:10     | Noticed a two-headed ogre
 14418 | D:10     | Found a transporter.
 14798 | Lair:1   | Entered Level 1 of the Lair of Beasts
 15296 | Lair:1   | Identified the +11 hunting sling "Raisin" {venom, +Fly
                  | Str+3 Dex-5} (You found it on level 10 of the Dungeon)
 15306 | Lair:1   | Reached skill level 10 in Maces & Flails
 15996 | Lair:2   | Noticed Erica
 16009 | Lair:2   | Killed Erica
 16042 | Lair:2   | Noticed a death yak
 16042 | Lair:2   | Noticed a death yak
 16044 | Lair:2   | Noticed a death yak
 16044 | Lair:2   | Noticed a death yak
 16044 | Lair:2   | Noticed a death yak
 16045 | Lair:2   | Noticed a death yak
 16066 | Lair:2   | Killed a death yak
 16076 | Lair:2   | Killed a death yak
 16086 | Lair:2   | Killed a death yak
 16106 | Lair:1   | Killed a death yak
 16371 | Lair:2   | Killed a death yak
 16371 | Lair:2   | Reached XP level 12. HP: 50/76 MP: 17/17
 16385 | Lair:1   | Killed a death yak
 16385 | Lair:1   | Reached skill level 11 in Maces & Flails
 17060 | Lair:2   | Found a bloodstained altar of Trog.
 17140 | Lair:2   | Found a staircase to the Snake Pit.
 17555 | Lair:3   | Noticed Prince Ribbit
 17565 | Lair:3   | Killed Prince Ribbit
 17868 | Lair:3   | Noticed a seven-headed hydra
 17878 | Lair:3   | Killed a seven-headed hydra
 18325 | Lair:3   | Noticed a death yak
 18326 | Lair:3   | Noticed a death yak
 18327 | Lair:3   | Noticed a death yak
 18340 | Lair:3   | Killed a death yak
 18350 | Lair:3   | Killed a death yak
 18361 | Lair:3   | Killed a death yak
 19281 | Lair:4   | Reached skill level 12 in Maces & Flails
 19281 | Lair:4   | Reached XP level 13. HP: 82/82 MP: 19/19
 19316 | Lair:4   | Reached skill level 10 in Fighting
 19364 | Lair:4   | Reached skill level 10 in Armour
 19933 | Lair:4   | Noticed an entropy weaver
 19934 | Lair:4   | Noticed an entropy weaver
 19949 | Lair:4   | Killed an entropy weaver
 19971 | Lair:4   | Killed an entropy weaver
 20218 | Lair:4   | Found a staircase to the Shoals.
 21931 | Lair:5   | Found a staircase to the Slime Pits.
 22506 | Lair:6   | Entered Level 6 of the Lair of Beasts
 22614 | Lair:6   | Reached skill level 13 in Maces & Flails
 22844 | Lair:6   | Gained mutation: Your large and strong wings let you fly
                  | indefinitely. [Gargoyle growth]
 22844 | Lair:6   | Reached XP level 14. HP: 37/88 MP: 16/21
 23088 | Lair:6   | Reached skill level 10 in Invocations
 23905 | Lair:6   | Noticed Rupert
 23931 | Lair:6   | Found a runed translucent door.
 24893 | Lair:6   | Reached skill level 14 in Maces & Flails
 25132 | Lair:6   | Noticed Sonja
 25149 | Lair:6   | Killed Sonja
 25575 | Lair:6   | Killed Rupert
 25965 | Shoals:1 | Entered Level 1 of the Shoals
 26582 | Shoals:1 | Reached XP level 15. HP: 26/96 MP: 15/23
 27083 | Shoals:1 | Noticed a kraken
 27115 | Shoals:1 | Found a transporter.
 27228 | Shoals:1 | Found a transporter.
 28391 | Shoals:2 | Noticed Roxanne
 28453 | Shoals:2 | Killed from afar by Roxanne

Illustrated notes

Levels and vault maps discovered:
D:1:      dpeg_arrival_tiny_k, layout_loops_ring
D:2:      layout_basic, zin_purify, old_standard_altar, first_ration,
          chequers_hall_statues_y
D:3:      layout_loops_cross, regret_index_temple_of_mockery,
          makhleb_heckhound_becter, chequers_temple_overflow_statue_of_worship,
          chequers_ecumenical_altar_twisty
D:4:      layout_layer_cave, nicolae_gozag_zags_fifth_avenue,
          minmay_temple_entry_statues_pillars, minivault_26, minmay_mini_ossuary
D:5:      layout_rooms, uniq_menkaure
D:6:      layout_cave_pools, vehumet_altar_wand_db, fedhas_ov_isle_minmay,
          serial_shops, shop
D:7:      layout_cave_pools, serial_shops, nicolae_shop_statue_plus, the_bakery,
          uniq_duvessa, uniq_harold
D:8:      layout_cave_pools, serial_shops, shop, minmay_misc_feat_hallway,
          xom_redecorated, uniq_pikel
D:9:      cheibrodos_iron_armory, layout_rooms, cheibriados_altar_1,
          grunt_lair_entry_orc_guard_hut, david_orc_3, gammafunk_ghost_spectres,
          minmay_lindwurm_lava
D:10:     layout_rooms, gammafunk_ghost_wrathful_warriors,
          kennysheep_small_square
Temple:   minmay_temple_curvy_loop
Lair:1:   layout_regular_city
Lair:2:   layout_misc_corridors, dummy_snake_entry, basic_altar, uniq_erica
Lair:3:   layout_hall_layers, grunt_megastairs_1, uniq_prince_ribbit2
Lair:4:   layout_regular_city, minmay_shoals_entry_hut, st_stairs_5,
          wad_woods_antlair, grunt_megastairs_4
Lair:5:   layout_loops_ring, minmay_slime_entry_pillars, serial_bayou_shore_a,
          grunt_megastairs_3
Lair:6:   hangedman_lair_tendril_chambers, layout_cave_pods, wormcave,
          special_room [special_room_mythical_zoo], uniq_rupert, uniq_sonja
Shoals:1: gammafunk_the_bubble [the_bubble_gammafunk_crates], layout_shoals
Shoals:2: layout_shoals, uniq_roxanne, uniq_ilsuiw

Skill      XL: |  1  2  3  4  5  6  7  8  9 10 11 12 13 14 15 |
---------------+----------------------------------------------+-----
Maces & Flails | 3 4 5 6 8 9 10 12 13 14 | 14.8
Dodging        | 1 2 3 4 5 6 7 8 9 |  9.2
Fighting       | 4 5 7 8 9 10 11 12 | 12.1
Armour         | 4 5 7 8 9 10 11 12 | 12.1
Shields        | 4 5 6 7 8 |  8.0
Invocations    | 3 5 6 7 8 9 10 11 | 11.1

Action                   |  1- 3 |  4- 6 |  7- 9 | 10-12 | 13-15 || total
-------------------------+-------+-------+-------+-------+-------++-------
Melee: Flail             |   182 |   375 |   607 |       |       ||  1164
       Morningstar       |       |       |    33 |    28 |       ||    61
       Whip              |       |       |       |   498 |  1255 ||  1753
Throw: Stone             |     1 |    24 |       |       |       ||    25
       Javelin           |       |       |       |     2 |       ||     2
Invok: Divine Shield     |       |       |     1 |     3 |     5 ||     9
       Cleansing Flame   |       |       |       |     6 |    16 ||    22
 Abil: Fly               |       |       |       |       |     1 ||     1
Evoke: Wand              |       |       |     2 |       |    22 ||    24
       Box of beasts     |       |       |     1 |       |     5 ||     6
  Use: Potion            |     1 |     1 |     8 |     2 |     5 ||    17
       Scroll            |       |     8 |     6 |    13 |     7 ||    34
  Eat: Chunk             |     3 |    11 |    11 |    17 |    32 ||    74
       Ration            |       |       |     5 |     2 |       ||     7
Armor: Scale mail        |   115 |   190 |   343 |    64 |       ||   712
       Plate armour      |       |       |       |   138 |   533 ||   671
Dodge: Dodged            |    61 |   146 |   448 |   224 |   500 ||  1379
Block: Kite shield       |   110 |   232 |   469 |   260 |   703 ||  1774
